 Dungeon Crawl Stone Soup version 0.28.0-45-g0d030f2227 (webtiles) character file.

Game seed: 5214152686132274838

24591 CryoSword the Covert (level 13, -7/65 HPs)
             Began as a Vine Stalker Enchanter on Apr 1, 2022.
             Was an Elder of Dithmenos.
             Mangled by a harpy simulacrum (11 damage)
             ... in a Gauntlet.
             The game lasted 00:43:27 (16654 turns).

CryoSword the Covert (Vine Stalker Enchanter)      Turns: 16654, Time: 00:43:28

Health: -7/65      AC: 11    Str: 12    XL:     13   Next: 14%
Magic:  0/23       EV: 12    Int: 19    God:    Dithmenos [****..]
Gold:   626        SH: 12    Dex: 21    Spells: 13/24 levels left

rFire   . . .      SeeInvis +   H - +2 dagger (speed)
rCold   . . .      Faith    .   T - +0 kite shield
rNeg    + + .      Spirit   +   c - +3 troll leather armour {Snorg}
rPois   .          Reflect  .   o - +0 helmet {SInv}
rElec   .          Harm     .   x - +1 cloak
rCorr   .          Rampage  .   (no gloves)
Will    ++...      NoTele   +   Y - +0 pair of boots
Stlth   +++++++...              Q - amulet of magic regeneration
HPRegen 1.80/turn               M - ring of willpower {=R}
MPRegen 0.58/turn               R - ring of Tender Moments {rN++ Dex+6 Slay+3}

@: wreathed by umbra, invisible
A: fangs 3, regeneration 1, magic shield, antimagic bite, no potion heal 2
a: Renounce Religion, Shadow Step


You were in a Gauntlet.
You worshipped Dithmenos.
Dithmenos was greatly pleased with you.
You visited 3 branches of the dungeon, and saw 14 of its levels.
You also visited: Sewer and Gauntlet.

You collected 742 gold pieces.
You spent 116 gold pieces at shops.

Inventory:

Hand Weapons
 a - a +4 scimitar of flaming
   (You took it off an efreet on level 10 of the Dungeon)
 H - a +2 dagger of speed (weapon)
   (You found it on level 7 of the Dungeon)
Missiles
 k - 12 poisoned darts (quivered)
 E - 5 curare-tipped darts
Armour
 c - a +3 troll leather armour (worn) {Snorg}
   (You found it on level 9 of the Dungeon)
 e - a +1 hat
   (You found it on level 1 of the Dungeon)
 o - a +0 helmet of see invisible (worn)
   (You found it in a Gauntlet)
 x - a +1 cloak (worn)
   (You found it on level 5 of the Dungeon)
 T - a +0 kite shield (worn)
   (You took it off a gnoll sergeant on level 10 of the Dungeon)
 Y - a +0 pair of boots (worn)
   (You found it on level 2 of the Lair of Beasts)
Jewellery
 f - a ring of poison resistance
   (You found it on level 1 of the Dungeon)
 i - a ring of fire
   (You found it on level 2 of the Dungeon)
 y - a ring of see invisible
   (You found it on level 5 of the Dungeon)
 G - a ring of fire
   (You found it on level 6 of the Dungeon)
 M - a ring of willpower (left hand) {=R}
   (You took it off an orc on level 8 of the Dungeon)
 Q - an amulet of magic regeneration (around neck)
   (You found it on level 9 of the Dungeon)
 R - the ring of Tender Moments (right hand) {rN++ Dex+6 Slay+3}
   (You took it off an orc wizard on level 10 of the Dungeon)

   [ring of dexterity]

   Dex:       It affects your dexterity (+6).
   Slay:      It affects your accuracy & damage with ranged weapons and melee
   (+3).
   rN:        It greatly protects you from negative energy.
Wands
 l - a wand of iceblast (1)
   (You took it off Ijyb on level 3 of the Dungeon)
 K - a wand of acid (9)
   (You found it on level 11 of the Dungeon)
Scrolls
 d - a scroll of torment {unknown}
 n - a scroll of acquirement {unknown}
 q - a scroll of holy word {unknown}
 r - 5 scrolls of teleportation {@r4}
 t - a scroll of silence {unknown}
 u - 2 scrolls of noise {unknown}
 v - 2 scrolls of fear {unknown}
 w - a scroll of immolation {!r}
 J - a scroll of brand weapon {unknown}
 N - 2 scrolls of enchant weapon
 V - 2 scrolls of summoning {unknown}
 X - a scroll of fog {unknown}
Potions
 b - 5 potions of haste {@q3}
 g - 3 potions of curing {@q1}
 j - 2 potions of mutation {unknown}
 m - a potion of degeneration {unknown}
 p - 3 potions of lignification {unknown}
 z - a potion of magic {unknown}
 A - 2 potions of cancellation
 B - 5 potions of flight
 C - a potion of might {unknown}
 D - a potion of brilliance {unknown}
 L - a potion of berserk rage {unknown}
 P - a potion of heal wounds {unknown}
 S - 3 potions of ambrosia {unknown}


   Skills:
 - Level 5.7 Fighting
 - Level 10.0 Short Blades
 - Level 4.1 Dodging
 - Level 11.5 Stealth
 - Level 9.0 Shields
 - Level 6.4 Spellcasting
 - Level 2.0 Conjurations
 + Level 9.8 Hexes
 - Level 3.0 Ice Magic
 * Level 1.8 Invocations


You had 13 spell levels left.
You knew the following spells:

 Your Spells              Type           Power      Damage    Failure   Level
a - Ensorcelled Hibernat  Hex/Ice        60%        N/A       3%          2
b - Confusing Touch       Hex            43%        N/A       1%          3
c - Tukima's Dance        Hex            43%        N/A       1%          3
d - Dazzling Flash        Conj/Hex       56%        N/A       9%          3

Your spell library contained the following spells:

 Spells                   Type           Power      Damage    Failure   Level
 Summon Guardian Golem    Hex/Summ       24%        N/A       13%         3
 Sandblast                Erth           12%        2d6       32%         1
 Leda's Liquefaction      Hex/Erth       12%        N/A       41%         4
 Passwall                 Tmut/Erth      5%         N/A       45%         2
 Sublimation of Blood     Necr           6%         N/A       45%         2
 Wereblood                Tmut           6%         N/A       45%         2
 Stone Arrow              Conj/Erth      18%        3d8       54%         3
 Ignite Poison            Fire/Tmut/Pois 6%         N/A       69%         3
 Yara's Violent Unravell  Hex/Tmut       12%        3d7       77%         5
 Animate Armour           Summ/Erth      12%        N/A       97%         4
 Passage of Golubria      Tloc           6%         N/A       97%         4
 Summon Lightning Spire   Summ/Air       6%         N/A       97%         4
 Fireball                 Conj/Fire      4%         3d4       99%         5
 Iskenderun's Battlesphe  Conj           13%        2d7       99%         5
 Lee's Rapid Deconstruct  Erth           3%         3d6*      100%        5
 Conjure Ball Lightning   Conj/Air       4%         3x3d6     100%        6
 Iron Shot                Conj/Erth      4%         9d2       100%        6
 Orb of Destruction       Conj           6%         9d6       100%        7
 Spellforged Servitor     Conj/Summ      4%         N/A       100%        7
 Storm Form               Tmut/Air       3%         N/A       100%        7
 Summon Hydra             Summ           3%         N/A       100%        7
 Maxwell's Capacitive Co  Air            3%         ∞         100%        8


Dungeon Overview and Level Annotations

Branches:
Dungeon (11/15)            Temple (1/1) D:5            Lair (2/6) D:9
  Snake (0/4) Lair:2        Sewer (visited)         Gauntlet (1/1)
  Swamp: Lair:2-4    Shoals: Lair:2-4       Orc: D:9-12

Altars:
Ashenzari
Cheibriados
Dithmenos
Elyvilon
Fedhas
Gozag
Kikubaaqudgha
Makhleb
Nemelex Xobeh
Okawaru
Trog
Uskayaw
Vehumet
Wu Jian
Xom
Yredelemnul
Zin
The Shining One

Shops:
D:6 (   D:9 *

Portals:
Abyss: D:3

Annotations:
D:3 1 transporter, dangdung's ghost, amateur OpTm
D:10 1 runed translucent door, dangdung's ghost, novice MiBe
Lair:1 2 transporters, hitsuchi's ghost, novice DEFE Gauntlet 9 transporters


Innate Abilities, Weirdness & Mutations

You have razor-sharp teeth.
Your natural rate of healing is unusually fast.
When hurt, damage is shared between your health and your magic reserves.
Your bite disrupts and absorbs the magic of your enemies.
Potions cannot restore your health.


Message History

Found two transporters.
There is an empty arch of ancient stone here.
Found a transporter.
Found a transporter.
The withered plant crumbles away.
Found a piece from Xom's chessboard (15/15).
Found a transporter.
Found a glowing hat.
Found a gate leading back out of this place.
Found a runed plate armour.
Found a transporter.
The wolf howls!
The wolf howls!
Found a transporter.
Found a glimmering plate armour.
Found a transporter.
Found a transporter.
Found a transporter.
Found a transporter.
There is a transporter here.
There is a transporter here.
Key pressed, stopping explore.
Key pressed, stopping explore.
Key pressed, stopping explore.
Found a transporter.
The wolf howls!
You hear a howl!
Key pressed, stopping explore.
Partly explored, unvisited transporter.
Partly explored, unvisited transporter.
Partly explored, unvisited transporter.
Partly explored, unvisited transporter.
Search for what [? for help]? .
There is a transporter here.
You enter the transporter and appear at another place.
The shadow slips into darkness.
The shadow flickers and vanishes!
Deactivating autopickup; reactivate with Ctrl-A.
The shadow strikes at you from the darkness!
Reactivating autopickup.
You block the shadow's attack. You block the shadow's attack.
The shadow hits you!
You hit the shadow but do no damage. Your bite misses the shadow.
The shadow hits you. The shadow hits you. The shadow closely misses you.
You hit the shadow but do no damage. The shadow barely misses you.
Your hands begin to glow red.
You block the shadow's attack.
You hit the shadow but do no damage.
The shadow appears confused.
You bite the shadow. You drain its power.
You feel invigorated.
You hit the shadow. You hit the shadow. You bite the shadow.
You drain its power.
You feel invigorated.
Your hands begin to glow red.
The shadow hits the shadow.
The shadow closely misses you.
You barely miss the shadow. You bite the shadow. You drain its power.
You feel invigorated.
The shadow hits the shadow.
You hit the shadow but do no damage.
The shadow appears confused.
You bite the shadow. You drain its power. The shadow hits you!
The shadow hits itself.
The shadow is destroyed!
Dithmenos accepts your kill.
Your Invocations skill increases to level 1!
You hit the shadow but do no damage. Your bite misses the shadow.
Your hands begin to glow red.
The shadow misses you.
The shadow hits the shadow!
You hit the shadow but do no damage. You bite the shadow. You drain its power.
You feel invigorated.
The shadow slips into darkness.
The shadow flickers and vanishes!
Deactivating autopickup; reactivate with Ctrl-A.
You hit something but do no damage. You bite something. You drain its power.
You feel invigorated.
You barely miss something. You bite something.
The shadow strikes at you from the darkness!
Reactivating autopickup.
You hit the shadow but do no damage.
The shadow appears confused.
You hit the shadow.
You destroy the shadow!
Dithmenos accepts your kill.
You hit the shadow. You block the shadow's attack.
You hit the shadow.
You catch the helpless shadow completely off-guard!
You stick the shadow like a pincushion!!!
You destroy the shadow!
Dithmenos accepts your kill.
No target in view!
You see here a scroll labelled ESHUTHR SIUTZ.
Your hands begin to glow red.
You hit the shadow but do no damage. You bite the shadow, but do no damage.
You hit the shadow but do no damage.
The shadow appears confused.
The shadow barely misses you.
You catch the helpless shadow completely off-guard!
You spit the shadow like a pig!!!
You destroy the shadow!
Dithmenos accepts your kill.
You see here a +0 helmet of see invisible.
There is a transporter here.
You see here a +0 helmet of see invisible.
V - 2 scrolls labelled ESHUTHR SIUTZ (gained 1)
You see here a +0 helmet of see invisible.
There is a transporter here.
You now have 626 gold pieces (gained 32).
n - a scroll labelled HOISE ERUIRAA
There is a transporter here.
You see here a +0 helmet of see invisible.
o - a +0 helmet of see invisible
There is a transporter here.
You start removing your armour.
You continue taking off your +1 hat. x4
You finish taking off your +1 hat.
You start putting on your armour.
You continue putting on your +0 helmet of see invisible. x5
You finish putting on your +0 helmet of see invisible.
You feel perceptive.
You enter the transporter and appear at another place.
There is a transporter here.
You enter the transporter and appear at another place.
You block the wolf spider simulacrum's attack.
The wolf spider simulacrum closely misses you.
You hit the wolf spider simulacrum. You hit the wolf spider simulacrum.
You bite the wolf spider simulacrum. You drain its power.
The wolf spider simulacrum hits you but does no damage.
The wolf spider simulacrum bites you.
The wolf spider simulacrum freezes you!!
The wolf spider simulacrum closely misses you.
The wolf spider simulacrum bites you but does no damage.
The harpy simulacrum closely misses you.
You block the harpy simulacrum's attack.
You hit the harpy simulacrum.
The harpy simulacrum claws you but does no damage.
You block the harpy simulacrum's attack.
The harpy simulacrum misses you.
You block the harpy simulacrum's attack.
The wolf spider simulacrum hits you but does no damage.
The wolf spider simulacrum bites you.
The wolf spider simulacrum freezes you!!
* * * LOW HITPOINT WARNING * * *
Okay, then.
You fade into invisibility!
The harpy simulacrum closely misses you. x2
The harpy simulacrum claws you.
* * * LOW HITPOINT WARNING * * *
The harpy simulacrum freezes you!!
* * * LOW HITPOINT WARNING * * *
The harpy simulacrum claws you but does no damage. x2
The harpy simulacrum claws you.
* * * LOW HITPOINT WARNING * * *
The harpy simulacrum freezes you!
You die...

######...###########..###
.......≈....#.©.#.....#8#
......≈8≈...#...#.8...###
.......≈....#.©.#.....#
######...###########..###
...hw#...##..##.#..#..#8#
.h##.#...####.#..###..###
##h#.#...#..##.Z#Z##..#
.##..#...#.#..#Z@©##..###
©....#...###...#####..#8#
.##w.#...##.###....#..###
##w#.#...##..####.##..#
.w##.#...#.#}#.##..#..###
©[...#...##.#.©[!..#..#8#
######...###########..###
......................#
......≈∩≈............≈#


You could see 2 harpy simulacra and a wolf spider simulacrum.

Vanquished Creatures
  Snorg (D:9)
  5 hydras
  Pikel (D:8)
  2 cyclopes
  4 elephants (Lair:2)
  Joseph (D:10)
  8 cane toads
  Maggie (D:7)
  2 efreet (D:10)
  A kobold demonologist (D:6)
  A komodo dragon (Lair:1)
  5 trolls
  A polar bear (Lair:1)
  6 blink frogs
  2 wyverns
  5 shadows
  A wraith (D:10)
  A steam dragon (D:10)
  13 yaks
  Eustachio (D:6)
  Grum (D:9)
  2 basilisks (Lair:1)
  A vampire mosquito (D:10)
  An acid dragon (D:8)
  3 water moccasins
  An orc warrior (D:6)
  2 ice beasts
  A sky beast (D:5)
  A black bear (D:5)
  2 necrophages
  4 ogres
  6 wolves
  4 centaurs
  3 lemures (D:8)
  8 bullfrogs
  A gnoll sergeant (D:10)
  3 scorpions
  A wyvern zombie (D:8)
  A water moccasin zombie (D:7)
  A wyvern skeleton (D:7)
  A wight (D:8)
  4 killer bees (D:10)
  10 howler monkeys
  An electric eel (D:9)
  7 centaur zombies
  3 centaur skeletons
  A gnoll shaman (D:7)
  5 hounds (D:9)
  3 iguanas
  5 orc priests
  2 bullfrog skeletons
  Ijyb (D:3)
  17 orc wizards
  4 hell rats (Lair:2)
  A merfolk avatar (Sewer)
  A merfolk siren (Sewer)
  A howler monkey zombie (D:5)
  A killer bee simulacrum (D:8)
  2 gnolls (D:7)
  11 adders
  A river rat (Sewer)
  2 white imps
  A howler monkey simulacrum (D:8)
  2 ufetubi (D:8)
  3 adder skeletons (D:4)
  3 worms
  3 dart slugs
  46 orcs
  8 endoplasms
  10 giant cockroaches
  12 goblins
  4 hobgoblins
  3 jackals (D:5)
  9 kobolds
  8 quokkas
  10 ball pythons
  2 bats
  10 frilled lizards
  24 rats
351 creatures vanquished.

Vanquished Creatures (collateral kills)
  A two-headed ogre (D:11)
  Sonja (D:10)
  2 orc warriors (D:10)
  3 wights (D:8)
  A gnoll (D:7)
8 creatures vanquished.

Vanquished Creatures (others)
  2 dancing weapons
  4 fungi
  12 plants
  3 toadstools (D:1)
  7 withered plants
28 creatures vanquished.

Grand Total: 387 creatures vanquished

Notes
Turn   | Place    | Note
-------+----------+-------------------------------------------
     0 | D:1      | CryoSword the Vine Stalker Enchanter began the quest for
                  | the Orb.
     0 | D:1      | Reached XP level 1. HP: 9/9 MP: 4/4
    31 | D:1      | Reached skill level 1 in Short Blades
   183 | D:1      | Reached XP level 2. HP: 5/13 MP: 1/6
   503 | D:1      | Learned a level 2 spell: Ensorcelled Hibernation
  1088 | D:1      | Reached skill level 4 in Stealth
  1088 | D:1      | Reached XP level 3. HP: 17/17 MP: 7/7
  2026 | D:2      | Found a shimmering altar of Xom.
  2039 | D:2      | Gained mutation: Your natural rate of healing is unusually
                  | fast. [Vine Stalker growth]
  2039 | D:2      | Reached XP level 4. HP: 20/21 MP: 5/8
  2116 | D:2      | Reached skill level 1 in Ice Magic
  2675 | D:3      | Noticed Ijyb
  2741 | D:3      | Killed Ijyb
  2742 | D:3      | Reached XP level 5. HP: 16/25 MP: 2/9
  2814 | D:3      | Found a transporter.
  2836 | D:3      | Reached skill level 1 in Fighting
  3110 | D:3      | Found a faded altar of an unknown god.
  3197 | D:3      | Found a one-way gate to the infinite horrors of the Abyss.
  3197 | D:3      | Noticed dangdung's ghost (amateur OpTm)
  3469 | D:3      | Reached skill level 5 in Stealth
  3774 | D:4      | Noticed a necrophage
  3932 | D:3      | You fall into a shaft and drop 1 floor!
  3954 | D:4      | HP: 1/23 [orc priest/divine providence (8)]
  3998 | D:3      | Reached XP level 6. HP: 29/29 MP: 11/11
  4075 | D:3      | Learned a level 3 spell: Confusing Touch
  4079 | D:3      | Learned a level 3 spell: Tukima's Dance
  4163 | D:3      | Killed a necrophage
  4287 | D:4      | Noticed a necrophage
  4314 | D:4      | Killed a necrophage
  4376 | D:4      | Reached XP level 7. HP: 27/32 MP: 2/12
  4382 | D:4      | Learned a level 3 spell: Dazzling Flash
  4765 | D:5      | Entered Level 5 of the Dungeon
  4920 | D:5      | Reached skill level 6 in Stealth
  5146 | D:5      | Reached skill level 5 in Hexes
  5223 | D:5      | Gained mutation: You have razor-sharp teeth. [Vine Stalker
                  | growth]
  5223 | D:5      | Reached XP level 8. HP: 39/39 MP: 14/14
  5298 | D:5      | Found a staircase to the Ecumenical Temple.
  5316 | Temple   | Entered the Ecumenical Temple
  5431 | Temple   | Became a worshipper of Dithmenos the Shadowed
  6090 | D:6      | Reached skill level 7 in Stealth
  6228 | D:6      | Noticed a kobold demonologist
  6231 | D:6      | Noticed a rust devil
  6232 | D:6      | Noticed a sixfirhy
  6243 | D:6      | Killed a kobold demonologist
  6244 | D:6      | Reached skill level 5 in Short Blades
  6244 | D:6      | Reached XP level 9. HP: 41/44 MP: 9/16
  6314 | D:6      | Reached skill level 8 in Stealth
  6332 | D:6      | Found a glowing drain.
  6342 | Sewer    | Entered a sewer
  6375 | Sewer    | Reached * piety under Dithmenos
  7521 | D:6      | Noticed Eustachio
  7541 | D:6      | Killed Eustachio
  7565 | D:6      | Found Diuguge's Weapon Shop.
  7969 | D:6      | Identified the +5 mace of Past Mistakes {drain, rN+ Int-4
                  | Dex+5}
  7997 | D:6      | HP: 1/44 [orc warrior/iceblast (17)]
  8617 | D:4      | Identified the +0 robe of the Scars {Int+2}
  9095 | D:7      | Reached skill level 9 in Stealth
  9344 | D:7      | Reached ** piety under Dithmenos
  9376 | D:7      | Reached skill level 5 in Spellcasting
  9723 | D:7      | Noticed Maggie
  9740 | D:7      | Killed Maggie
  9741 | D:7      | Reached XP level 10. HP: 37/49 MP: 11/18
 10266 | D:8      | Noticed Pikel
 10422 | D:8      | Got Kest's Tome of Clay
 10766 | D:8      | Killed Pikel
 10767 | D:8      | Reached skill level 10 in Stealth
 10767 | D:8      | Reached skill level 1 in Conjurations
 10877 | D:9      | Noticed Grum
 10885 | D:9      | Killed Grum
 11030 | D:9      | Noticed a cyclops
 11070 | D:9      | Killed a cyclops
 11280 | D:9      | Found Gorar's Assorted Antiques.
 11287 | D:9      | Bought a scroll labelled JEOXTI LIKYN for 31 gold pieces
 11287 | D:9      | Bought a scroll labelled JEOXTI LIKYN for 31 gold pieces
 11287 | D:9      | Bought a glowing dark potion for 27 gold pieces
 11287 | D:9      | Bought a sedimented yellow potion for 27 gold pieces
 12067 | D:10     | Entered Level 10 of the Dungeon
 12078 | D:10     | Reached XP level 11. HP: 54/54 MP: 20/20
 12130 | D:10     | Reached *** piety under Dithmenos
 12151 | D:10     | Noticed Sonja
 12163 | D:10     | Found a broken altar of Ashenzari.
 12217 | D:10     | Reached skill level 5 in Fighting
 12331 | D:10     | Found a runed translucent door.
 12357 | D:10     | Noticed Joseph
 12369 | D:10     | Killed Joseph
 12689 | D:10     | Reached skill level 11 in Stealth
 12692 | D:10     | Noticed a five-headed hydra
 12704 | D:10     | HP: 1/55 [five-headed hydra (8)]
 12745 | D:10     | Noticed Snorg
 12820 | D:9      | Found a staircase to the Lair.
 13293 | D:9      | Killed Snorg
 13360 | D:10     | Noticed dangdung's ghost (novice MiBe)
 13419 | D:10     | Killed a five-headed hydra
 13533 | D:10     | Killed Sonja
 13574 | D:10     | Identified the ring of Tender Moments {rN++ Dex+6 Slay+3}
 13833 | D:10     | Identified the +5 falchion "Resuquwk" {antimagic, rF+ Int+3
                  | Dex+10 SInv}
 13851 | D:10     | Got the Catalogue of the Vitriolic Rocks
 13959 | D:11     | Reached skill level 1 in Shields
 14046 | D:11     | Reached XP level 12. HP: 59/60 MP: 22/22
 14193 | D:11     | Reached **** piety under Dithmenos
 14391 | D:11     | Noticed a two-headed ogre
 14404 | D:11     | Killed a two-headed ogre
 14405 | D:11     | Reached skill level 5 in Shields
 14861 | Lair:1   | Entered Level 1 of the Lair of Beasts
 14929 | Lair:1   | Noticed a seven-headed hydra
 15028 | Lair:1   | Found a transporter.
 15036 | Lair:1   | Found a transporter.
 15060 | Lair:1   | Found a bloodstained altar of Trog.
 15359 | Lair:1   | Noticed a five-headed hydra
 15366 | Lair:1   | Killed a five-headed hydra
 15631 | Lair:1   | Killed a one-headed hydra
 15804 | Lair:1   | Noticed hitsuchi's ghost (novice DEFE)
 15850 | Lair:1   | Noticed a five-headed hydra
 15878 | Lair:1   | Killed a one-headed hydra
 16083 | Lair:2   | Noticed a six-headed hydra
 16088 | Lair:2   | Killed a six-headed hydra
 16224 | Lair:2   | Found a gate leading to a gauntlet.
 16283 | Lair:2   | Reached XP level 13. HP: 65/65 MP: 23/23
 16305 | Lair:2   | Found a staircase to the Snake Pit.
 16357 | Lair:2   | Reached skill level 10 in Short Blades
 16371 | Gauntlet | Entered a Gauntlet
 16371 | Gauntlet | Found a transporter.
 16371 | Gauntlet | Found a transporter.
 16373 | Gauntlet | Found a transporter.
 16375 | Gauntlet | Found a transporter.
 16387 | Gauntlet | Found a transporter.
 16392 | Gauntlet | Found a transporter.
 16402 | Gauntlet | Found a transporter.
 16408 | Gauntlet | Found a transporter.
 16426 | Gauntlet | Found a transporter.
 16434 | Gauntlet | Found a transporter.
 16454 | Gauntlet | Found a transporter.
 16532 | Gauntlet | Found a transporter.
 16598 | Gauntlet | Reached skill level 1 in Invocations
 16654 | Gauntlet | Mangled by a harpy simulacrum

Illustrated notes

Levels and vault maps discovered:
D:1:      dpeg_arrival_arbitrary_b, layout_basic, minmay_gold_behind_fungi
D:2:      layout_loops_ring, basic_altar
D:3:      kennysheep_the_goblin_king, layout_basic,
          shapermc_ecumenical_altar_flowoftime, gammafunk_ghost_abyssal_escape
D:4:      layout_gridville, minmay_vboxes
D:5:      layout_basic, minmay_temple_entry_statues, uniq_ijyb
D:6:      layout_layer_cave, serial_shops, nicolae_shop_bloodbath_and_beyond,
          portal_sewer_entry_f, minmay_misc_feat_rugged, uniq_eustachio
D:7:      nicolae_cairo_tiling, layout_basic, uniq_maggie
D:8:      layout_basic, serial_ice, serial_ice_k, serial_ice_c, serial_ice_h,
          serial_ice_n, uniq_pikel
D:9:      layout_irregular_city, erik_lair_island, serial_shops,
          nicolae_shop_statue_plus, uniq_grum
D:10:     wander_river, layout_rooms, nicolae_ashenzari_skybound,
          ebering_ghost_inner_flame, minivault_25, minmay_pinched_square,
          uniq_snorg, uniq_joseph, uniq_sonja
D:11:     layout_gridville
Temple:   mainiacjoe_temple_circle_huts
Lair:1:   layout_hall_layers, gammafunk_ghost_wrathful_warriors,
          nicolae_lair_lil_pond, grunt_megastairs_4
Lair:2:   layout_misc_corridors, minmay_snake_entry_guardpost_small,
          gauntlet_entry_generic
Gauntlet: gammafunk_gauntlet_shortcut [nicolae_gauntlet_arena_blocks,
          gammafunk_gauntlet_arena_mazey, nicolae_gauntlet_arena_grate_2,
          nicolae_gauntlet_swirl, nicolae_gauntlet_arena_t_cross,
          gammafunk_gauntlet_arena_corners, dreamdust_gauntlet_exit_labyrinth]

Skill      XL: |  1  2  3  4  5  6  7  8  9 10 11 12 13 |
---------------+----------------------------------------+-----
Short Blades   | 1 2 3 5 6 7 8 9 10 | 10.0
Stealth        | 4 5 6 7 9 10 11 | 11.5
Ice Magic      | 1 3 |  3.0
Dodging        | 2 3 4 |  4.1
Fighting       | 1 2 3 4 5 |  5.7
Hexes          | 4 5 6 7 8 9 |  9.8
Spellcasting   | 3 4 5 6 |  6.4
Conjurations   | 2 |  2.0
Shields        | 2 9 |  9.0
Invocations    | 1 |  1.8

Action                   |  1- 3 |  4- 6 |  7- 9 | 10-12 | 13-15 || total
-------------------------+-------+-------+-------+-------+-------++-------
Melee: Dagger            |    83 |   250 |   452 |   522 |    52 ||  1359
       Bite              |    18 |    73 |   122 |   197 |    20 ||   430
       Punch             |       |     3 |     6 |     9 |       ||    18
       Scimitar          |       |       |       |    15 |       ||    15
Throw: Dart              |       |       |       |     3 |       ||     3
 Cast: Ensorcelled Hiber |     6 |    25 |    97 |    76 |     4 ||   208
       Confusing Touch   |       |     3 |    13 |    24 |     4 ||    44
       Tukima's Dance    |       |       |     5 |    20 |       ||    25
Evoke: Wand              |       |       |     6 |     1 |       ||     7
  Use: Scroll            |       |       |     1 |     8 |     3 ||    12
       Potion            |       |       |       |     1 |     1 ||     2
 Stab: Sleeping          |    13 |    19 |    57 |    55 |     8 ||   152
       Confused          |       |     1 |     9 |    18 |     2 ||    30
       Distracted        |       |       |     2 |     2 |       ||     4
Armor: Robe              |     3 |       |       |       |       ||     3
       Leather armour    |    14 |    63 |   136 |       |       ||   213
       Steam dragon scal |       |       |       |    36 |       ||    36
       Troll leather arm |       |       |       |   114 |    14 ||   128
Dodge: Dodged            |    32 |   131 |   256 |   277 |    20 ||   716
Block: Kite shield       |       |       |       |    97 |    18 ||   115
